 Dungeon Crawl Stone Soup version 0.30-a0-709-gcdc1b43e22 (webtiles) character file.

Game seed: 500383654047253872

162 Dartaoz the Changer (level 5, -3/37 HPs)
             Began as a Merfolk Transmuter on Jan 22, 2023.
             Slain by a kobold brigand
             ... wielding a +1 dagger of speed
              (7 damage)
             ... on level 3 of the Dungeon.
             The game lasted 00:06:42 (2131 turns).

Dartaoz the Changer (Merfolk Transmuter)            Turns: 2131, Time: 00:06:43

Health: -3/37      AC:  2    Str: 10    XL:     5   Next: 43%
Magic:  7/8        EV: 12    Int: 15    God:
Gold:   141        SH:  0    Dex: 14    Spells: 2/8 levels left

rFire   . . .      SeeInvis .      - Unarmed
rCold   . . .      Faith    .    (no shield)
rNeg    . . .      Spirit   .    a - +0 robe
rPois   .          Reflect  .    (helmet currently unavailable)
rElec   .          Harm     .    (no cloak)
rCorr   .          Rampage  .    (no gloves)
Will    .....                    (boots currently unavailable)
Stlth   +                        (no amulet)
HPRegen 0.26/turn                (no ring)
MPRegen 0.11/turn                (no ring)

@: lethally poisoned (-3 -> -6), appendages
A: horns 2, (nimble swimmer 2), mertail
a: End Transformation


You were on level 3 of the Dungeon.
You had temporarily grown beastly horns.
You visited 1 branch of the dungeon, and saw 3 of its levels.

You collected 141 gold pieces.

Inventory:

Armour
 a - a +0 robe (worn)
Jewellery
 j - a ring of resist corrosion
Wands
 p - a wand of paralysis (8)
Scrolls
 c - a scroll of enchant armour {unknown}
 d - a scroll of vulnerability {unknown}
 e - 2 scrolls of immolation {unknown}
 g - 4 scrolls of identify {unknown}
 h - a scroll of amnesia {unknown}
 k - a scroll of brand weapon {unknown}
 l - 3 scrolls of teleportation {unknown}
 o - 3 scrolls of poison {unknown}
Potions
 b - 2 potions of lignification
 f - a potion of cancellation {unknown}
 i - 2 potions of haste {unknown}
 m - 2 potions of heal wounds {unknown}
 n - a potion of degeneration {unknown}
 q - a potion of magic {unknown}


   Skills:
 - Level 1.1 Fighting
 - Level 2.6 Dodging
 + Level 4.8 Unarmed Combat
 - Level 2.0 Spellcasting
 + Level 4.9 Transmutations
 + Level 2.3 Poison Magic


You had 2 spell levels left.
You knew the following spells:

 Your Spells              Type           Power      Damage    Failure   Level
a - Beastly Appendage     Tmut           32%        N/A       3%          1
b - Wereblood             Tmut           16%        N/A       4%          2
c - Spider Form           Tmut/Pois      12%        N/A       16%         3

Your spell library contained the following spells:

 Spells                   Type           Power      Damage    Failure   Level
 Kiss of Death            Conj/Necr      4%         2d5       22%         1
 Confusing Touch          Hex            1%         N/A       54%         3
 Ice Form                 Ice/Tmut       8%         N/A       63%         4
 Dispel Undead            Necr           1%         3d6       91%         4


Dungeon Overview and Level Annotations

Branches:
Dungeon (3/15)

Altars:
Wu Jian


Innate Abilities, Weirdness & Mutations

You have temporarily grown beastly horns.
((You are very nimble when in or above water. (Stealth+, EV+, Speed+++)))
Your lower body shifts to a powerful aquatic tail in water.


Message History

Items here: ))) †.
A kobold brigand comes into view.
It is wielding a +1 dagger of speed and quivering poisoned darts.
The kobold brigand shouts!
The kobold brigand throws a poisoned dart.
The poisoned dart closely misses you.
Found a book of Rime and an emerald potion.
The kobold brigand throws a poisoned dart.
The poisoned dart hits you!
You are poisoned.
Found 13 gold pieces and a green potion.
You feel very sick.
The kobold brigand throws a poisoned dart.
The poisoned dart hits you.
You are more poisoned.
You grow a pair of large bovine horns.
You feel very sick.
You feel sick.
The kobold brigand hits you with a +1 dagger of speed.
You hit the kobold brigand but do no damage.
Your headbutt misses the kobold brigand.
You feel sick. The kobold brigand barely misses you.
You closely miss the kobold brigand.
Your headbutt misses the kobold brigand.
You feel sick.
The kobold brigand hits you with a +1 dagger of speed.
You are too injured to fight recklessly!
You are too injured to fight recklessly!
You are too injured to fight recklessly!
You are too injured to fight recklessly!
You closely miss the kobold brigand. You headbutt the kobold brigand.
The kobold brigand is lightly wounded.
You feel sick.
The kobold brigand hits you with a +1 dagger of speed.
You hit the kobold brigand. Your punch misses the kobold brigand.
The kobold brigand is moderately wounded.
You feel sick.
The kobold brigand hits you with a +1 dagger of speed!
* * * LOW HITPOINT WARNING * * *
The kobold brigand hits you with a +1 dagger of speed!
You die...

#..# ## ####.# ######
#!$#.# ..... #!:#(##
####.... #..#..## .#
....... ..##..# .#.#
#..... ## #..##.##[#.#
#..... #~~
#.K##.##.#.###.....
#~~≈##@.#.#............
#~~≈≈#..#.#.......<..##
..~≈≈##..#.#.........)##
..##. #.~~
#..##..............
...#. #.#
#..####.......).###
...#. #.# #..#
##.#.#....# # ...+. #.#
#..# #...#.#.## #
#..#.## #.# ##..# #
#...#.#.# # ##.#..# #.#
#..##~# #...#.#.# #


You could see a kobold brigand.

Vanquished Creatures
  A scorpion (D:3)
  A gnoll (D:1)
  2 adders (D:2)
  A worm (D:3)
  3 dart slugs
  An orc (D:3)
  6 ball pythons
  5 endoplasms
  3 giant cockroaches
  6 hobgoblins
  3 quokkas
  5 bats
  3 frilled lizards
  7 goblins
  11 kobolds
  A rat (D:1)
59 creatures vanquished.

Notes
Turn   | Place    | Note
-------+----------+-------------------------------------------
     0 | D:1      | Dartaoz the Merfolk Transmuter began the quest for the Orb.
     0 | D:1      | Reached XP level 1. HP: 15/15 MP: 3/3
    44 | D:1      | Reached XP level 2. HP: 17/21 MP: 3/5
   274 | D:1      | Reached XP level 3. HP: 17/26 MP: 4/6
   279 | D:1      | Learned a level 2 spell: Wereblood
   283 | D:1      | Learned a level 3 spell: Spider Form
   711 | D:1      | Found a faded altar of an unknown god.
   797 | D:2      | Reached skill level 1 in Poison Magic
   922 | D:2      | Reached XP level 4. HP: 32/32 MP: 5/7
   943 | D:2      | Identified the +8 long sword "Esuecs" {pain, rC++ Str+3
                  | Int-4}
  1486 | D:3      | Noticed a scorpion
  1505 | D:3      | Killed a scorpion
  1506 | D:3      | Reached XP level 5. HP: 17/37 MP: 8/8
  1622 | D:3      | Found an ornate altar of the Wu Jian Council.
  2122 | D:3      | Noticed a kobold brigand
  2131 | D:3      | Slain by a kobold brigand

Illustrated notes

Levels and vault maps discovered:
D:1:      scummos_arrival_simple_crosswalls, layout_rooms,
          shapermc_ecumenical_altar_mp_vishouse, minmay_domino_2
D:2:      layout_basic
D:3:      cheibrodos_thug_alley, layout_basic, nicolae_wu_jian_wuxing_cycle,
          minmay_quadrilaterals

Skill      XL: |  1  2  3  4 |
---------------+-------------+-----
Transmutations | 3 4 |  4.9
Unarmed Combat | 4 |  4.8
Poison Magic   | 1 2 |  2.3
Fighting       | |  1.1
Dodging        | |  2.6
Spellcasting   | |  2.0

Action                     |  1- 3 |  4- 6 || total
---------------------------+-------+-------++-------
  Melee: Unarmed           |    93 |    68 ||   161
         Headbutt          |    23 |    15 ||    38
         Punch             |     3 |     1 ||     4
   Cast: Beastly Appendage |    22 |    18 ||    40
         Wereblood         |       |     1 ||     1
   Stab: Sleeping          |     2 |     2 ||     4
 Armour: Robe              |    10 |     9 ||    19
  Dodge: Dodged            |    55 |    29 ||    84

Table legend: (Time is in decaauts)
 A = Elapsed time spent in this place.
 B = Non-inter-level travel time spent in this place.
 C = Inter-level travel time spent in this place.
 D = Time resting spent in this place.
 E = Time spent auto-exploring this place.
 F = Levels seen in this place.
 G = Mean time per level.
                   A        B        C        D        E       F      G
               +--------+--------+--------+--------+--------+-----+--------+
         Total |   2117 |   2057 |     60 |      0 |   1642 |   3 |  705.7 |
       Dungeon |   2117 |   2057 |     60 |      0 |   1642 |   3 |  705.7 |
               +--------+--------+--------+--------+--------+-----+--------+

Top non-repeatable levels by time:
     D:1: 738 daAuts
     D:2: 700 daAuts
     D:3: 679 daAuts
